 Dungeon Crawl Stone Soup version 0.21-a0-163-g3aa3f5d (console) character file.

58 Duffy the Skirmisher (level 3, 0/29 HPs)
             Began as a Demonspawn Fighter on Aug 5, 2017.
             Was a Follower of Cheibriados.
             Killed from afar by an orc wizard (6 damage)
             ... with a magic dart
             ... on level 2 of the Dungeon.
             The game lasted 00:02:20 (1925 turns).

Duffy the Skirmisher (Demonspawn Fighter)           Turns: 1925, Time: 00:02:20

Health: 0/29       AC: 10    Str: 19    XL:     3   Next: 75%
Magic:  3/3        EV:  8    Int: 11    God:    Cheibriados [*.....]
Gold:   143        SH:  9    Dex: 14    Spells: 2/2 levels left

rFire    + . .     SeeInvis .   a - +0 war axe
rCold    . . .     Gourm    .   c - +0 shield
rNeg     . . .     Faith    .   m - +0 chain mail
rPois    .         Spirit   .   (no helmet)
rElec    .         Reflect  .   (no cloak)
rCorr    .         Harm     .   (no gloves)
MR       .....                  o - +0 pair of boots
Stlth    ..........             (no amulet)
HPRegen  0.09/turn              r - ring of protection from fire
MPRegen  0.08/turn              (no ring)

@: very slow
A: repulsion field 2
a: Bend Time, Renounce Religion


You were on level 2 of the Dungeon.
You worshipped Cheibriados.
Cheibriados was aware of your devotion.
You were not hungry.

You visited 1 branch of the dungeon, and saw 3 of its levels.

You collected 143 gold pieces.

Inventory:

Hand Weapons
 a - a +0 war axe (weapon)
Armour
 c - a +0 shield (worn)
 m - a +0 chain mail (worn)
 o - a +0 pair of boots (worn)
Jewellery
 r - a ring of protection from fire (left hand)
Scrolls
 b - a scroll of remove curse {unknown}
 j - 2 scrolls of magic mapping {unknown}
 l - a scroll of teleportation {unknown}
 n - 2 scrolls of enchant weapon {unknown}
 p - a scroll of fear {unknown}
 q - 2 scrolls of identify {unknown}
Potions
 d - a potion of might
 e - a potion of lignification {unknown}
 i - a potion of curing {unknown}
 k - a potion of magic {unknown}
Comestibles
 f - 3 bread rations
 g - 2 meat rations
 s - a royal jelly


   Skills:
 + Level 3.4 Fighting
 * Level 2.8 Axes
 + Level 3.1 Armour
 + Level 2.9 Shields


You had 2 spell levels left.
You didn't know any spells.

Dungeon Overview and Level Annotations

Branches:
Dungeon (3/15)

Altars:
Cheibriados
Dithmenos
Elyvilon
Fedhas
Kikubaaqudgha
Makhleb
Sif Muna
Wu Jian
Yredelemnul
The Shining One

Annotations:
D:2 2 transporters, Menkaure


Innate Abilities, Weirdness & Mutations

You are surrounded by a moderate repulsion field. (EV +3)


Message History

You block the puff of frost. Something hits you.
You closely miss something. Something hits you.
You hear some strange, mumbled words.
A magic dart appears from out of thin air!
The magic dart hits you!
You barely miss something. Something hits you but does no damage.
You hear some strange, mumbled words.
A magic dart appears from out of thin air!
The magic dart hits you!
Your chain mail prevents you from hitting something.
Something hits you but does no damage. x2
You closely miss something. Something hits you but does no damage.
You hear some strange, mumbled words.
A puff of frost appears from out of thin air!
The puff of frost hits you!
You barely miss something.
You hear some strange, mumbled words.
A magic dart appears from out of thin air!
The magic dart hits you!
You die...

####### #......
####### #.#####
#.....# #.####.
#.....# #.#....
#.....# #.#.##.
#.....# #.#.##.
#.....######.#.##.
#@{...'...........
#.....#.(....#.###
#.#####.#####<....
#.# #.# ##.### ####.#
#.# #.###
#....#####.# #....
#..........##########
#..........(.........
#...........#########


There were no monsters in sight!

Vanquished Creatures
  A worm (D:2)
  2 dart slugs
  4 leopard geckos
  An orc (D:3)
  2 giant cockroaches
  5 goblins
  5 hobgoblins
  2 jackals (D:2)
  4 kobolds
  2 quokkas
  6 bats
  2 frilled lizards (D:2)
  8 rats
44 creatures vanquished.

Notes
Turn   | Place    | Note
-------+----------+-------------------------------------------
     0 | D:1      | Duffy the Demonspawn Fighter began the quest for the Orb.
     0 | D:1      | Reached XP level 1. HP: 18/18 MP: 1/1
   358 | D:1      | Gained mutation: You are surrounded by a mild repulsion field. (EV +2) [demonic ancestry]
   358 | D:1      | Reached XP level 2. HP: 21/24 MP: 2/2
   955 | D:2      | Found a blossoming altar of Fedhas.
   955 | D:2      | Found an ornate altar of the Wu Jian Council.
   956 | D:2      | Found a deep blue altar of Sif Muna.
   957 | D:2      | Found a glowing golden altar of the Shining One.
   958 | D:2      | Found a white marble altar of Elyvilon.
   965 | D:2      | Found a shadowy altar of Dithmenos.
   965 | D:2      | Found a burning altar of Makhleb.
   967 | D:2      | Found a snail-covered altar of Cheibriados.
   991 | D:2      | Became a worshipper of Cheibriados the Contemplative
  1030 | D:2      | Found an ancient bone altar of Kikubaaqudgha.
  1030 | D:2      | Noticed Menkaure
  1032 | D:2      | Found a basalt altar of Yredelemnul.
  1052 | D:2      | Found a transporter.
  1054 | D:2      | Found a transporter.
  1106 | D:2      | Gained mutation: You are surrounded by a moderate repulsion field. (EV +3) [demonic ancestry]
  1106 | D:2      | Reached XP level 3. HP: 23/29 MP: 3/3
  1506 | D:2      | Reached * piety under Cheibriados
  1925 | D:2      | Killed from afar by an orc wizard

Vault maps used:
D:1:      dpeg_arrival_lava_temple_mockup
D:2:      gammafunk_temple_of_torment, grunt_temple_overflow_open,
          hangedman_decor_push
D:3:      uniq_terence

Skill      XL: |  1  2 |
---------------+-------+-----
Axes           | 2 |  2.8
Armour         | 3 |  3.1
Fighting       | |  3.4
Shields        | |  2.9

Action                   || total
-------------------------++-------
Melee: War axe           ||   148
  Eat: Chunk             ||     3
Armor: Scale mail        ||    24
       Chain mail        ||    54
Dodge: Dodged            ||    46
Block: Shield            ||    61
